 Dungeon Crawl Stone Soup version 0.19-a0-1170-g18f0c96 (webtiles) character file.

13 jacquesderrida the Cudgeler (level 2, 22/25 HPs)
             Began as a Minotaur Warper on Aug 18, 2016.
             Was a Follower of Zin.
             Quit the game on level 2 of the Dungeon.
             The game lasted 00:00:49 (369 turns).

jacquesderrida the Cudgeler (Minotaur Warper)        Turns: 369, Time: 00:00:50

Health: 22/25      AC:  5    Str: 19    XL:     2   Next: 24%
Magic:  3/3        EV: 12    Int: 10    God:    Zin [*.....]
Gold:   42         SH:  0    Dex:  9    Spells: 1 memorised, 2 levels left

rFire  . . .     SeeInvis .     a - +0 mace
rCold  . . .     Gourm    .     b - +0 leather armour
rNeg   . . .     Faith    .     (no shield)
rPois  .         Spirit   .     (helmet restricted)
rElec  .         Dismiss  .     (no cloak)
rCorr  .         Reflect  .     i - +0 pair of gloves
MR     .....     Harm     .     h - +0 pair of boots
Stlth  +.........               (no amulet)
                                (no ring)
                                g - +4 ring of strength

@: no status effects
A: retaliatory headbutt, horns 2
a: Recite, Donate Gold, Renounce Religion


You were on level 2 of the Dungeon.
You worshipped Zin.
Zin was aware of your devotion.
You were not hungry.

You visited 1 branch of the dungeon, and saw 2 of its levels.

You collected 46 gold pieces.
You donated 4 gold pieces to Zin.

Inventory:

Hand Weapons
 a - a +0 mace (weapon)
Missiles
 e - 5 tomahawks of dispersal (quivered)
Armour
 b - a +0 leather armour (worn)
 h - a +0 pair of boots (worn)
 i - a +0 pair of gloves (worn)
Jewellery
 g - a +4 ring of strength (left hand)
Scrolls
 d - a scroll of blinking
Books
 c - a book of Spatial Translocations

   Spells                             Type                      Level
   a - Apportation                    Translocation                1
   b - Blink                          Translocation                2
   c - Shroud of Golubria             Charms/Translocation         2
   d - Portal Projectile              Translocation                3
   e - Teleport Other                 Translocation                3
   f - Passage of Golubria            Translocation                4
Comestibles
 f - 2 bread rations


   Skills:
 - Level 2.4 Fighting
 + Level 3.6 Maces & Flails
 - Level 1.0 Throwing
 - Level 1.2 Armour
 - Level 2.1 Dodging
 - Level 1.3 Spellcasting
 - Level 2.1 Translocations


You had 2 spell levels left.
You knew the following spells:

 Your Spells              Type           Power        Failure   Level  Hunger
a - Apportation           Tloc           #.........   17%         1    ##.....


Dungeon Overview and Level Annotations

Branches:
Dungeon (2/15)

Altars:
Zin


Innate Abilities, Weirdness & Mutations

You reflexively headbutt those who attack you in melee.
You have a pair of horns on your head.


Message History

You kill the kobold!
No target in view!
No target in view!
Things that are here:
a short sword; a kobold corpse A worm comes into view.
A goblin comes into view. It is wielding a dagger.
The goblin shouts!
Found a yellow potion.
Found a faded altar of an unknown god.
There is a faded altar of an unknown god here.
You cannot tell which god this altar belongs to.
Convert to them anyway?
Okay, then.
A goblin is nearby!
You cannot tell which god this altar belongs to.
Convert to them anyway?
Zin accepts your prayer! Zin welcomes you!
You pay a tithe of 4 gold.
You can now donate money to Zin.
You can now recite Zin's Axioms of Law.
Unknown command.
Are you sure you want to abandon this character and quit the game? (Confirm with "yes".)

.....#...)...#.#
.....#.###.#.#.#
.....#.##....#.#
.....#.##..###.######
##.....##..# #....!.#
##.#..# #.####.# #..#
#.g....# ####
#..#...# #.#@#..#
#..#..## #.. ..#
.....### ######


You could see a goblin.

Vanquished Creatures
  A dart slug (D:1)
  2 goblins (D:1)
  2 hobgoblins (D:1)
  3 bats (D:1)
  A kobold (D:2)
  2 rats (D:1)
11 creatures vanquished.

Notes
Turn   | Place    | Note
-------+----------+-------------------------------------------
     0 | D:1      | jacquesderrida the Minotaur Warper began the quest for the Orb.
     0 | D:1      | Reached XP level 1. HP: 18/18 MP: 1/1
   297 | D:1      | Reached skill level 3 in Maces & Flails
   305 | D:1      | Reached XP level 2. HP: 18/25 MP: 3/3
   363 | D:2      | Found a faded altar of an unknown god.
   369 | D:2      | Became a worshipper of Zin the Law-Giver
   369 | D:2      | Reached * piety under Zin
   369 | D:2      | Quit the game

Vault maps used:
D:1:      dpeg_arrival_water_altar
D:2:      gammafunk_temple_overflow_pools, ecumenical_altar_1

Skill      XL: |  1 |
---------------+----+-----
Maces & Flails | 3 |  3.6
Fighting       | |  2.4
Throwing       | |  1.0
Armour         | |  1.2
Dodging        | |  2.1
Spellcasting   | |  1.3
Translocations | |  2.1

Action                   || total
-------------------------++-------
Melee: Mace              ||    26
       Headbutt          ||     3
Armor: Leather armour    ||    13
Dodge: Dodged            ||    15
